 Dungeon Crawl Stone Soup version 0.31.0-32-g396128a36d (webtiles) character file.

Game seed: 14820931286076535706

24 AgateBread the Changeling (level 3, 0/23 HPs)
             Began as an Octopode Shapeshifter on Apr 19, 2024.
             Killed from afar by Robin (6 damage)
             ... with a puff of flame
             ... on level 2 of the Dungeon.
             The game lasted 00:04:10 (833 turns).

AgateBread the Changeling (Octopode Shapeshifter)    Turns: 833, Time: 00:04:11

Health: 0/23       AC:  1    Str: 15    XL:     3   Next: 2%
Magic:  3/3        EV: 13    Int: 12    God:
Gold:   16         SH:  0    Dex: 11    Spells: 2/2 levels left

rFire   . . .        d - +1 dagger (venom)
rCold   . . .        (no shield)
rNeg    . . .        (helmet currently unavailable)
rPois   .            (no amulet)
rElec   .            (no ring)
rCorr   .            (no ring)
SInv    .            (no ring)
Will    .....        (no ring)
Stlth   ++           (no ring)
HPRegen 0.23/turn    (no ring)
MPRegen 0.08/turn    (no ring)
                     (no ring)

%: no passive effects
@: beast-form
A: beast (slay +2), almost no armour, amphibious, 8 rings, camouflage 1,
gelatinous body 1, (nimble swimmer 1), tentacles
a: Begin Untransformation


You were on level 2 of the Dungeon.
You were a hulking beast.
You visited 1 branch of the dungeon, and saw 2 of its levels.

You collected 16 gold pieces.

Inventory:

Hand Weapons
 d - a +1 dagger of venom (weapon)
Talismans
 b - a beast talisman
 c - a flux talisman
Scrolls
 e - a scroll of identify
 g - 2 scrolls of amnesia
Potions
 a - 2 potions of lignification
 f - a potion of heal wounds


   Skills:
 - Level 1.0 Fighting
 - Level 2.0 Dodging
 - Level 3.0 Unarmed Combat
 + Level 3.9 Shapeshifting


You had 2 spell levels left.
You didn't know any spells.
Your spell library contained the following spells:

 Spells                   Type           Power      Damage    Failure   Level
 Kiss of Death            Conj/Necr      0%         2d5       32%         1
 Confusing Touch          Hex            0%         N/A       69%         3
 Cause Fear               Hex            0%         N/A       97%         4
 Dispel Undead            Necr           0%         3d6       97%         4
 Fireball                 Conj/Fire      0%         3d3       100%        5
 Dragon's Call            Summ           0%         N/A       100%        9


Dungeon Overview and Level Annotations

Branches:
Dungeon (2/15)

Altars:

Annotations:
D:2 Robin


Innate Abilities, Weirdness & Mutations

You are a hulking beast.
Your limbs bulge with bestial killing power. (Slay +2)
You cannot wear most types of armour.
You are amphibious.
You can wear up to eight rings at the same time.
Your skin changes colour to match your surroundings (Stealth+).
Your rubbery body absorbs attacks. (AC +1, EV +1)
((You are camouflaged when in or above water. (Stealth+)))
You have tentacles for arms and can constrict up to eight enemies at once.


Message History

You closely miss the goblin. You grab the goblin. You constrict the goblin.
The goblin hits you with a +0 dagger.
You hit the goblin.
You kill the goblin!
You hit the goblin.
The goblin is poisoned.
You grab the goblin. You tentacle-slap the goblin.
The goblin is heavily wounded.
You constrict the goblin.
You kill the goblin!
A hobgoblin comes into view.
The hobgoblin hits you.
Items here: )) ††.
The hobgoblin shouts!
You hit the hobgoblin. Your grab misses the hobgoblin.
The hobgoblin is heavily wounded.
A goblin comes into view. It is wielding a +0 club.
The hobgoblin barely misses you.
The goblin shouts!
You hit the hobgoblin.
The hobgoblin is poisoned.
Your grab misses the hobgoblin.
The hobgoblin is almost dead.
You kill the hobgoblin!
Robin zaps a wand.
The puff of flame misses you.
You have reached level 3!
Your experience leads to an increase in your attributes!
Increase (S)trength, (I)ntelligence, or (D)exterity?
You feel stronger. x2
Robin hits you with a +0 mace.
You hit Robin. You grab Robin. You squeeze Robin!
Robin is severely wounded.
You constrict Robin.
Robin zaps a wand.
The puff of flame hits you!
Ouch! That really hurt!
* * * LOW HITPOINT WARNING * * *
You release your grip on Robin.
Robin roars a battlecry!
The goblins go into a battle-frenzy!
Items here: )) ††.
Robin zaps a wand.
The puff of flame hits you.
You die...
Robin lets out a smug laugh. ###################### ...gggg.)h......<....# ######################

You could see Robin, 2 hobgoblins and a goblin (strong).

Vanquished Creatures
  A dart slug (D:1)
  An endoplasm (D:1)
  3 goblins
  3 hobgoblins
  2 jackals (D:1)
  2 quokkas (D:1)
  3 ball pythons (D:1)
  3 bats (D:1)
  A frilled lizard (D:1)
  A rat (D:1)
20 creatures vanquished.

Notes
Turn   | Place    | Note
-------+----------+-------------------------------------------
     0 | D:1      | AgateBread the Octopode Shapeshifter began the quest for
                  | the Orb.
     0 | D:1      | Reached XP level 1. HP: 13/13 MP: 1/1
   158 | D:1      | Reached XP level 2. HP: 17/18 MP: 2/2
   822 | D:2      | Noticed Robin
   830 | D:2      | Reached XP level 3. HP: 20/23 MP: 3/3
   833 | D:2      | Killed from afar by Robin

Illustrated notes

Levels and vault maps discovered:
D:1:      amcnicky_arrival_choice, layout_rooms, chequers_serial_rivers_room_b,
          minmay_liquid_box
D:2:      layout_basic, basic_altar, chequers_decorated_corner, nicolae_titane,
          uniq_sigmund, uniq_robin

Action                     || total
---------------------------++-------
  Melee: Dagger            ||    29
         Constrict         ||    12
         Tentacles         ||     6
         Punch             ||     1
    Use: Scroll            ||     2
   Stab: Sleeping          ||     3
 Armour: Skin              ||    16
  Dodge: Dodged            ||    19
